[Event "December 5 Early 2023"]
[Site "https://www.chess.com"]
[Date "2023.12.05"]
[Round "6"]
[White "Sadubayev, Airat"]
[Black "Estrada Nieto, Julian"]
[Result "0-1"]
[Board "103"]
[TimeControl "180+1"]
[WhiteFideId "13713264"]
[BlackFideId "5101018"]
[WhiteElo "2677"]
[BlackElo "2509"]
[WhiteTeam "KAZ"]
[BlackTeam "ESP"]
[WhiteClock "0:00:00"]
[BlackClock "0:00:14"]

1. d4 d5 2. c4 dxc4 3. e4 Nf6 4. e5 Nd5 5. Bxc4 Nb6 6. Bd3 Nc6 7. Nf3 Bg4 8. Be3 e6 9. Nc3 Be7 10. O-O O-O 11. h3 Bxf3 12. Qxf3 Nxd4 13. Qe4 Nf5 14. g4 g6 15. gxf5 exf5 16. Qd4 Qxd4 17. Bxd4 Rfd8 18. Bxb6 Rxd3 19. Bxc7 Rxh3 20. Rad1 Bc5 21. Nd5 Kg7 22. Nf6 Rc8 23. Rd7 Kf8 24. e6 Be7 25. Nd5 fxe6 26. Nxe7 Ke8 27. Rfd1 Ra8 28. Be5 g5 29. Bf6 Kf7 30. Bxg5 Ke8 31. f4 h6 32. Bf6 Rg3+ 33. Kf2 Rg4 34. Be5 Rh4 35. R1d6 a5 36. Bf6 Rxf4+ 37. Ke3 Re4+ 38. Kf3 Ra6 39. Rd8+ Kf7 40. Rxa6 bxa6 41. Ng8 Re1 42. Bc3 Rf1+ 43. Ke2 Rh1 44. Nxh6+ Rxh6 45. Rd7+ Kg6 46. Ra7 Rh2+ 47. Kf3 Rh3+ 48. Kf4 Rh4+ 49. Ke5 Re4+ 50. Kd6 f4 51. Rxa6 f3 0-1

[Event "December 5 Early 2023"]
[Site "https://www.chess.com"]
[Date "2023.12.05"]
[Round "6"]
[White "Bold, Andre"]
[Black "Souleidis, Georgios"]
[Result "0-1"]
[Board "104"]
[TimeControl "180+1"]
[WhiteFideId "16208471"]
[BlackFideId "4206827"]
[WhiteElo "2490"]
[BlackElo "2656"]
[WhiteTeam "GER"]
[BlackTeam "GRE"]
[WhiteClock "0:00:10"]
[BlackClock "0:00:28"]

1. Nf3 Nf6 2. e3 g6 3. b3 Bg7 4. Bb2 O-O 5. Be2 c5 6. O-O b6 7. c4 Bb7 8. Nc3 Nc6 9. a3 d5 10. cxd5 Nxd5 11. Qc2 Qd7 12. Rac1 e5 13. Rfd1 Rac8 14. Nxd5 Qxd5 15. Qc4 Qd7 16. Qc2 Rfe8 17. d3 h6 18. h3 Qe6 19. Qc4 Qe7 20. Qc2 Na5 21. Bc3 Nc6 22. Bb2 Kh7 23. Qb1 Qe6 24. Qc2 Na5 25. Nd2 f5 26. Nc4 Nxc4 27. Qxc4 Bd5 28. Qa6 Bxb3 29. Rd2 Rc7 30. d4 exd4 31. exd4 c4 32. d5 Qc8 33. Qxc8 Rexc8 34. Bxg7 Kxg7 35. d6 Rd7 36. a4 a6 37. Rd4 b5 38. axb5 axb5 39. Bf3 Rc5 40. Kf1 Kf6 41. Rd3 cxd3 42. Rxc5 d2 43. Rxb5 d1=Q+ 44. Bxd1 Bxd1 45. Rb6 Bc2 46. f3 f4 47. Kf2 Bf5 48. Ra6 Ke6 49. Rb6 Rxd6 50. Rb2 Kf6 51. Ra2 Rc6 52. Rb2 Rc2+ 53. Rxc2 Bxc2 0-1

[Event "December 5 Early 2023"]
[Site "https://www.chess.com"]
[Date "2023.12.05"]
[Round "6"]
[White "Papasimakopoulos, Alexandros"]
[Black "Shishkov, Andrei"]
[Result "1/2-1/2"]
[Board "105"]
[TimeControl "180+1"]
[WhiteFideId "4244125"]
[BlackFideId "4500563"]
[WhiteElo "2653"]
[BlackElo "2487"]
[WhiteTeam "GRE"]
[BlackTeam "EST"]
[WhiteClock "0:00:03"]
[BlackClock "0:00:02"]

1. d4 Nf6 2. c4 e6 3. Nc3 Bb4 4. Qc2 O-O 5. a3 Bxc3+ 6. Qxc3 b5 7. cxb5 c6 8. Bg5 cxb5 9. e3 Bb7 10. Nf3 a6 11. Be2 h6 12. Bh4 Nc6 13. O-O Rc8 14. Rfc1 Na5 15. Bxf6 Rxc3 16. Bxd8 Rxc1+ 17. Rxc1 Rxd8 18. Nd2 Rc8 19. Rxc8+ Bxc8 20. b4 Nc6 21. Bf3 Bb7 22. Nb3 d6 23. d5 Nd8 24. dxe6 fxe6 25. Bxb7 Nxb7 26. e4 Kf7 27. f4 Kf6 28. Kf2 h5 29. Ke3 e5 30. g3 g6 31. Nc1 Nd8 32. Ne2 Ne6 33. Nc3 Nc7 34. h3 Ke6 35. g4 hxg4 36. hxg4 exf4+ 37. Kxf4 Kf6 38. g5+ Ke6 39. Ne2 d5 40. Nd4+ Kd6 41. e5+ Kd7 42. Ke3 Ke7 43. Nc6+ Kd7 44. Nd4 Ke7 45. Kd3 Kd7 46. Kc3 Ke7 47. Nb3 Ke6 48. Kd4 Kf5 49. Na5 Kxg5 50. Kc5 Kf5 51. Kd6 Ne6 52. Nb3 g5 53. Kxd5 g4 54. Nc1 g3 55. Kd6 g2 56. Ne2 Nf4 57. Ng1 Ne6 58. Ne2 Nf4 59. Ng1 Ne6 60. Nf3 Nf4 61. e6 Nxe6 62. Nh4+ Kg4 63. Nxg2 Nd4 64. Kc5 Nc2 65. Kb6 Kf3 66. Nh4+ Ke4 67. Kxa6 Nxa3 68. Kb6 Kd4 69. Nf5+ Kc4 70. Nd6+ Kxb4 71. Nxb5 1/2-1/2

[Event "December 5 Early 2023"]
[Site "https://www.chess.com"]
[Date "2023.12.05"]
[Round "6"]
[White "Kuzhylnyi, Oleksandr"]
[Black "Grochal, Joey"]
[Result "1/2-1/2"]
[Board "106"]
[TimeControl "180+1"]
[WhiteFideId "34110500"]
[BlackFideId "1019945"]
[WhiteElo "2647"]
[BlackElo "2483"]
[WhiteTeam "UKR"]
[BlackTeam "NED"]
[WhiteClock "0:00:22"]
[BlackClock "0:00:11"]

1. d4 Nf6 2. Nf3 g6 3. Nc3 d5 4. Bf4 Bg7 5. Nb5 Na6 6. e3 O-O 7. h3 c6 8. Nc3 c5 9. Bxa6 bxa6 10. dxc5 Nh5 11. Be5 f6 12. Bh2 Bb7 13. g4 d4 14. exd4 e5 15. d5 Nf4 16. Bxf4 exf4 17. O-O f5 18. c6 fxg4 19. cxb7 gxf3 20. Qxf3 Rb8 21. d6 Qxd6 22. Rad1 Qc7 23. Nd5 Qxb7 24. b3 Rf5 25. c4 Bf8 26. Rfe1 Qg7 27. Re6 Qh6 28. Nf6+ Kh8 29. Rd7 Rxf6 30. Rxf6 Qg5+ 31. Kh2 Qxf6 32. Rxa7 Bc5 33. Rc7 Bd4 34. Rc6 Qe5 35. Rxa6 Re8 36. Ra8 Rxa8 37. Qxa8+ Kg7 38. Kg2 Qg5+ 39. Kf1 Qh4 40. Qf3 Qf6 41. b4 Bc3 42. c5 Bxb4 43. Qb7+ Qf7 44. Qxb4 Qxa2 45. Qxf4 Qb1+ 46. Kg2 Qc2 47. Qe5+ Kh6 48. Qe3+ Kg7 49. Qd4+ Kh6 50. Qf4+ Kg7 51. Qe5+ Kh6 52. Kh2 Qxf2+ 53. Kh1 Qf1+ 54. Kh2 Qf2+ 55. Kh1 Qf1+ 56. Kh2 Qf2+ 1/2-1/2

[Event "December 5 Early 2023"]
[Site "https://www.chess.com"]
[Date "2023.12.05"]
[Round "6"]
[White "Dobre, Claudiu-Cristian"]
[Black "Ovetchkin, Roman"]
[Result "0-1"]
[Board "107"]
[TimeControl "180+1"]
[WhiteFideId "1211854"]
[BlackFideId "4119991"]
[WhiteElo "2486"]
[BlackElo "2646"]
[WhiteTeam "ROU"]
[BlackTeam "RUS"]
[WhiteClock "0:00:00"]
[BlackClock "0:00:45"]

1. d4 Nf6 2. Nf3 g6 3. c4 Bg7 4. Nc3 O-O 5. e4 d6 6. Be2 e5 7. dxe5 dxe5 8. Qxd8 Rxd8 9. Bg5 Re8 10. Nd5 Nxd5 11. cxd5 c6 12. Bc4 cxd5 13. Bxd5 Nd7 14. Ke2 h6 15. Be3 Nf6 16. Rhd1 Nxd5 17. Rxd5 b6 18. Nd2 Ba6+ 19. Kd1 Rad8 20. Rxd8 Rxd8 21. Rc1 f5 22. f3 f4 23. Bf2 Rd7 24. Rc6 Kf7 25. Kc2 Bf8 26. a3 g5 27. Nc4 Bxc4 28. Rxc4 Bd6 29. b4 Ke6 30. Be1 h5 31. h3 g4 32. hxg4 hxg4 33. Rc8 Rh7 34. Kd3 Rh2 35. Rg8 g3 36. Rg6+ Kd7 37. Rg7+ Kc6 38. a4 a6 39. Ra7 Rxg2 40. Rxa6 Kb7 41. b5 Rg1 0-1

[Event "December 5 Early 2023"]
[Site "https://www.chess.com"]
[Date "2023.12.05"]
[Round "6"]
[White "Belov, Alexei"]
[Black "NovakRatko"]
[Result "1-0"]
[Board "108"]
[TimeControl "180+1"]
[WhiteFideId "4128206"]
[WhiteElo "2640"]
[BlackElo "2479"]
[WhiteTeam "RUS"]
[WhiteClock "0:00:03"]
[BlackClock "0:00:00"]

1. e4 d5 2. exd5 c6 3. dxc6 Nxc6 4. Nf3 e5 5. Nc3 Bd6 6. Bb5 Ne7 7. d4 exd4 8. Nxd4 O-O 9. Nxc6 Nxc6 10. O-O Bf5 11. h3 Qc7 12. Bd3 Bh2+ 13. Kh1 Rad8 14. g3 Bxg3 15. fxg3 Bxh3 16. Bf4 Qb6 17. Re1 Bf5 18. Ne4 Nb4 19. Qf3 Nxd3 20. cxd3 Qg6 21. Kg2 Bg4 22. Qe3 Rfe8 23. Qf2 f5 24. Nc5 Qc6+ 25. Kg1 Rxe1+ 26. Rxe1 b6 27. Ne6 Rxd3 28. Nd4 Qd7 29. Be3 h6 30. Qf4 Qd5 31. Kh2 Kh7 32. Rc1 1-0

[Event "December 5 Early 2023"]
[Site "https://www.chess.com"]
[Date "2023.12.05"]
[Round "6"]
[White "Ljukin, Sergei"]
[Black "Jakubowski, Krzysztof"]
[Result "1-0"]
[Board "109"]
[TimeControl "180+1"]
[WhiteFideId "14102200"]
[BlackFideId "1112848"]
[WhiteElo "2471"]
[BlackElo "2639"]
[WhiteTeam "UKR"]
[BlackTeam "POL"]
[WhiteClock "0:00:29"]
[BlackClock "0:00:15"]

1. e4 c5 2. Nf3 d6 3. d4 cxd4 4. Nxd4 Nf6 5. Nc3 a6 6. Bg5 e6 7. f4 Be7 8. Qf3 Qc7 9. O-O-O Nbd7 10. g4 Rb8 11. Bxf6 Bxf6 12. g5 Bxd4 13. Rxd4 b5 14. a3 Qc5 15. Qd3 b4 16. axb4 Rxb4 17. Rxb4 Qxb4 18. Kb1 h6 19. g6 fxg6 20. e5 Qxf4 21. Qxg6+ Qf7 22. Qxf7+ Kxf7 23. exd6 Bb7 24. Rg1 Rd8 25. Bc4 Nf6 26. Rd1 g5 27. b4 g4 28. b5 axb5 29. Nxb5 Bf3 30. Rd4 h5 31. Nc7 Nd5 32. Nxd5 Rxd6 33. Rf4+ Kg7 34. Ne3 Rd2 35. h3 e5 36. Rf5 Kg6 37. hxg4 hxg4 38. Rxe5 g3 39. Bd3+ Kf6 40. Rf5+ 1-0

[Event "December 5 Early 2023"]
[Site "https://www.chess.com"]
[Date "2023.12.05"]
[Round "6"]
[White "Jovic, Stanoje"]
[Black "Moksh Amit Doshi"]
[Result "0-1"]
[Board "110"]
[TimeControl "180+1"]
[WhiteFideId "905020"]
[BlackFideId "25064967"]
[WhiteElo "2462"]
[BlackElo "2635"]
[WhiteTeam "SRB"]
[BlackTeam "IND"]
[WhiteClock "0:00:00"]
[BlackClock "0:00:36"]

1. c4 c5 2. g3 g6 3. Bg2 Bg7 4. Nc3 Nc6 5. Nf3 e6 6. O-O Nge7 7. d4 cxd4 8. Nb5 d5 9. cxd5 Nxd5 10. Nbxd4 Nxd4 11. Nxd4 O-O 12. e4 Nb6 13. Nb3 Bd7 14. Qe2 Rc8 15. Rd1 Qe7 16. Be3 Rfd8 17. e5 Bc6 18. Bxb6 axb6 19. Bxc6 bxc6 20. f4 c5 21. Rxd8+ Rxd8 22. Rd1 Rd5 23. Rxd5 exd5 24. Qa6 Qe6 25. a4 d4 26. Nd2 f6 27. Qc4 Kf7 28. Qxe6+ Kxe6 29. Nc4 fxe5 30. fxe5 Bxe5 31. Nxb6 d3 32. Nc4 Kd5 33. Ne3+ Ke4 34. Nd1 c4 35. a5 Bxb2 36. a6 Bd4+ 37. Kf1 Kd5 38. Ke1 Kc6 39. a7 Bxa7 40. Nc3 Bd4 41. Ne4 Kd5 42. Ng5 c3 43. Kd1 c2+ 0-1

[Event "December 5 Early 2023"]
[Site "https://www.chess.com"]
[Date "2023.12.05"]
[Round "6"]
[White "Latorre, Vincent"]
[Black "Ambartsumova, Karina"]
[Result "1/2-1/2"]
[Board "111"]
[TimeControl "180+1"]
[WhiteFideId "2636891"]
[BlackFideId "4166299"]
[WhiteElo "2439"]
[BlackElo "2623"]
[WhiteTeam "CAN"]
[BlackTeam "RUS"]
[WhiteClock "0:00:18"]
[BlackClock "0:00:17"]

1. e4 e5 2. Nf3 Nc6 3. Bc4 Nf6 4. d3 h6 5. a4 d6 6. a5 a6 7. Nc3 g5 8. h3 Bg7 9. Nd2 Qe7 10. Nf1 Be6 11. Ne3 Nd4 12. Ne2 c6 13. Bxe6 fxe6 14. c3 Nxe2 15. Qxe2 O-O-O 16. Nc4 Nd7 17. Be3 Kb8 18. Nb6 Nf6 19. b4 d5 20. Bc5 Qf7 21. exd5 exd5 22. Qxe5+ Qc7 23. Qxc7+ Kxc7 24. Kd2 Rde8 25. Rae1 Nh5 26. g3 Bf6 27. Kc2 Ng7 28. Be3 Nf5 29. Na4 Rhf8 30. Bd2 Be7 31. Nc5 Bxc5 32. bxc5 Ng7 33. Be3 Nf5 34. Bd4 Nxd4+ 35. cxd4 Rxf2+ 36. Kc3 Kd7 37. Rxe8 Kxe8 38. Rb1 Rf7 39. Re1+ Kd8 40. Re6 Rh7 41. g4 Kd7 42. Rd6+ Kc7 43. Rg6 Kc8 44. Rg8+ Kc7 45. Rg6 Kc8 46. Rg8+ Kc7 47. Rg6 1/2-1/2

[Event "December 5 Early 2023"]
[Site "https://www.chess.com"]
[Date "2023.12.05"]
[Round "6"]
[White "Zhurbinsky, David"]
[Black "Cesar Maestre, Bernardo"]
[Result "1-0"]
[Board "112"]
[TimeControl "180+1"]
[WhiteFideId "2072904"]
[BlackFideId "24542547"]
[WhiteElo "2611"]
[BlackElo "2429"]
[WhiteTeam "USA"]
[BlackTeam "ESP"]
[WhiteClock "0:01:59"]
[BlackClock "0:00:22"]

1. e4 c5 2. Nf3 d6 3. c3 Nf6 4. Be2 g6 5. O-O Bg7 6. Bb5+ Bd7 7. Bxd7+ Qxd7 8. Re1 O-O 9. d4 cxd4 10. cxd4 d5 11. e5 Ne4 12. Nc3 Nxc3 13. bxc3 Nc6 14. h4 h5 15. Qd3 e6 16. Bg5 Rac8 17. Qe3 Na5 18. Bf6 Rc6 19. g4 hxg4 20. Nh2 Nc4 21. Qg5 Bxf6 22. exf6 e5 23. dxe5 Nxe5 24. Rxe5 1-0

[Event "December 5 Early 2023"]
[Site "https://www.chess.com"]
[Date "2023.12.05"]
[Round "6"]
[White "Espinoza Villanueva, Rodrigo"]
[Black "Tymrakiewicz, Rafal"]
[Result "0-1"]
[Board "113"]
[TimeControl "180+1"]
[WhiteFideId "5140188"]
[BlackFideId "1108832"]
[WhiteElo "2607"]
[BlackElo "2397"]
[WhiteTeam "MEX"]
[BlackTeam "POL"]
[WhiteClock "0:00:21"]
[BlackClock "0:00:06"]

1. d4 d5 2. c4 c6 3. Nc3 Nf6 4. Nf3 a6 5. c5 g6 6. Bf4 Bg7 7. h3 O-O 8. e3 Nbd7 9. Bh2 Ne4 10. Bd3 Nxc3 11. bxc3 Qa5 12. Rc1 Re8 13. O-O e5 14. Nd2 Qxa2 15. Ra1 Qb2 16. Rc1 Qa3 17. Qc2 Qa5 18. Ra1 Qd8 19. Rfb1 e4 20. Be2 g5 21. Nb3 a5 22. Ra4 f5 23. Rba1 Rf8 24. c4 Nf6 25. cxd5 Nxd5 26. Nd2 Qe8 27. Nc4 Qg6 28. Rxa5 Rxa5 29. Rxa5 f4 30. Bg4 Bxg4 31. hxg4 h5 32. Qd1 f3 33. Bd6 hxg4 34. Bxf8 Bxf8 35. Ne5 Qh5 36. Ra8 g3 37. Nxf3 exf3 38. Qxf3 Qxf3 39. gxf3 Kf7 40. Rb8 g4 41. fxg4 Bh6 42. Rxb7+ Ke6 43. Rb3 gxf2+ 44. Kxf2 Bg5 45. Kf3 Bh6 46. e4 Ne7 47. Rb1 Bg7 48. Ke3 Bh6+ 49. Kd3 Ng6 50. Rh1 Nf4+ 51. Kc4 Bg7 52. Rh6+ Bxh6 53. Kb4 Bg7 54. Kc4 Bh8 55. g5 Bg7 56. g6 Bf6 57. d5+ cxd5+ 58. exd5+ Nxd5 59. Kb5 Kd7 60. c6+ Kc7 61. Kc5 Ne7 62. Kc4 Be5 63. Kd3 Kxc6 64. Ke4 Kd6 65. Kf3 Ke6 66. Kg4 Kf6 67. Kh5 Nxg6 68. Kh6 Nf4 69. Kh7 Kf7 70. Kh6 Bf6 71. Kh7 Ne6 72. Kh6 Nf4 73. Kh7 Bg5 74. Kh8 Ng6+ 75. Kh7 Nf8+ 76. Kh8 Bf6# 0-1

[Event "December 5 Early 2023"]
[Site "https://www.chess.com"]
[Date "2023.12.05"]
[Round "6"]
[White "Truskavetsky, Alexandr"]
[Black "Batbold, Nyamsuren"]
[Result "1/2-1/2"]
[Board "114"]
[TimeControl "180+1"]
[WhiteFideId "14108577"]
[BlackFideId "4903331"]
[WhiteElo "2580"]
[BlackElo "2387"]
[WhiteTeam "RUS"]
[BlackTeam "MGL"]
[WhiteClock "0:00:13"]
[BlackClock "0:00:03"]

1. d4 Nf6 2. c4 e6 3. Nc3 Bb4 4. e3 d5 5. cxd5 exd5 6. a3 Bxc3+ 7. bxc3 O-O 8. Bd3 c6 9. Ne2 Nbd7 10. O-O Re8 11. a4 Nf8 12. Qc2 Ng6 13. f3 Qc7 14. e4 dxe4 15. fxe4 Bg4 16. e5 Bxe2 17. Bxe2 Nd5 18. Bc4 Qb6 19. a5 Qc7 20. Ba3 b5 21. axb6 axb6 22. Bd6 Qb7 23. Qf2 Ngf4 24. Kh1 b5 25. Bb3 Ne6 26. Bc2 Nxc3 27. Qh4 h6 28. Qh3 Nd5 29. Qd3 g6 30. Qd2 Kg7 31. Rae1 Ra2 32. Rf2 b4 33. Rb1 Nc3 34. Rbf1 Ne4 35. Rxf7+ Qxf7 36. Rxf7+ Kxf7 37. Qc1 Nxd6 38. exd6 Rea8 39. h4 Ra1 40. Bb1 Nxd4 41. Qf4+ Nf5 42. Qc4+ Kf6 43. Qxb4 Ke6 44. Kh2 Nxd6 45. Bxg6 R8a4 46. Qb3+ Kd7 47. Qg3 R1a3 48. Qf2 Ra2 49. Qf6 R2a3 50. Bh5 Ra5 51. Bg4+ Kc7 52. Qe7+ Kb6 53. Qxd6 R3a4 54. Bh3 Rc4 55. Qd8+ Kb5 56. Qb8+ Ka4 57. Be6 Rb4 58. Qg3 c5 59. Bd7+ Rab5 60. Bxb5+ Kxb5 61. Qd3+ c4 62. Qf5+ Ka4 63. Qf6 Kb3 64. Qxh6 c3 65. Qe6+ Kb2 66. Qe5 Rxh4+ 67. Kg3 Rc4 68. Kf3 Kb3 69. Qb5+ Rb4 70. Qd3 Kb2 71. Qd6 Rb3 72. Qd4 Kb1 73. Ke2 c2 74. Qe4 Kb2 75. Qe5+ Kb1 76. Qd5 Rc3 77. Qb5+ Ka2 78. Qa5+ Kb3 79. Qb5+ Ka2 80. Qa4+ Kb2 81. Qb4+ Rb3 82. Qd4+ Kb1 83. Qe4 Kb2 84. Qe5+ Kb1 85. Qe6 Kb2 86. Qf6+ Kb1 87. Qf5 Kb2 88. Qe5+ 1/2-1/2

[Event "December 5 Early 2023"]
[Site "https://www.chess.com"]
[Date "2023.12.05"]
[Round "6"]
[White "Aaditya Dhingra"]
[Black "Spichkin, Alexander"]
[Result "1-0"]
[Board "115"]
[TimeControl "180+1"]
[WhiteFideId "25678191"]
[BlackFideId "4144074"]
[WhiteElo "2576"]
[BlackElo "2371"]
[WhiteTeam "IND"]
[BlackTeam "RUS"]
[WhiteClock "0:01:47"]
[BlackClock "0:02:08"]

1. e4 e5 2. Nf3 d5 3. exd5 e4 4. Qe2 Nf6 5. Nc3 Be7 6. Nxe4 Nxd5 7. d3 O-O 8. Bd2 Re8 9. O-O-O f5 10. Nc3 Nxc3 11. Bxc3 Bg5+ 12. Nxg5 Rxe2 13. Bxe2 Qxg5+ 14. Kb1 Nc6 15. h4 Qe7 16. Bf3 Qc5 17. d4 Qf8 18. d5 Ne7 19. Rhe1 Ng6 20. d6 cxd6 21. h5 Nh4 22. Bd5+ Kh8 23. h6 Bd7 24. hxg7+ Qxg7 25. Bxg7+ Kxg7 26. Re7+ 1-0

[Event "December 5 Early 2023"]
[Site "https://www.chess.com"]
[Date "2023.12.05"]
[Round "6"]
[White "Novoselov, Roman"]
[Black "Barbot, Pierre"]
[Result "1-0"]
[Board "116"]
[TimeControl "180+1"]
[WhiteFideId "4135067"]
[BlackFideId "663727"]
[WhiteElo "2567"]
[BlackElo "2323"]
[WhiteTeam "RUS"]
[BlackTeam "FRA"]
[WhiteClock "0:01:26"]
[BlackClock "0:00:03"]

1. d4 Nf6 2. Nc3 d5 3. Bg5 c6 4. Nf3 h6 5. Bxf6 exf6 6. e4 dxe4 7. Nxe4 Be7 8. Bd3 O-O 9. O-O Bg4 10. c3 Nd7 11. h3 Be6 12. Re1 f5 13. Ng3 g6 14. Rxe6 fxe6 15. Qb3 Rf6 16. Bc4 Nf8 17. Qxb7 Qc8 18. Qxe7 Rf7 19. Qa3 Rb8 20. Ne5 Rfb7 21. b3 Kg7 22. Re1 Rc7 23. Qc5 Qb7 24. h4 Rbc8 25. h5 g5 26. Ng6 Nd7 27. Qe7+ Kg8 28. Bxe6# 1-0

[Event "December 5 Early 2023"]
[Site "https://www.chess.com"]
[Date "2023.12.05"]
[Round "6"]
[White "Mendez Fortes, Eduardo Jesus"]
[Black "De Souza, Cristiano Gomes"]
[Result "1-0"]
[Board "117"]
[TimeControl "180+1"]
[WhiteFideId "3502376"]
[BlackFideId "2151758"]
[WhiteElo "2564"]
[BlackElo "2279"]
[WhiteTeam "CUB"]
[BlackTeam "BRA"]
[WhiteClock "0:02:28"]
[BlackClock "0:00:52"]

1. e4 c5 2. Nf3 d6 3. d4 cxd4 4. Nxd4 Nf6 5. Nc3 a6 6. Bg5 e6 7. f4 Be7 8. Qf3 h6 9. Bh4 g5 10. fxg5 Nfd7 11. Nxe6 fxe6 12. Qh5+ Kf8 13. Bb5 Rh7 14. e5 Nxe5 15. O-O+ Kg8 16. g6 Rg7 17. Bxe7 Qxe7 18. Ne4 Rxg6 19. Be8 Rg5 20. Qxh6 Rf5 21. Rxf5 exf5 22. Nf6+ 1-0

[Event "December 5 Early 2023"]
[Site "https://www.chess.com"]
[Date "2023.12.05"]
[Round "6"]
[White "Zoete, Roelant"]
[Black "Saravana, Krishnan P."]
[Result "0-1"]
[Board "118"]
[TimeControl "180+1"]
[WhiteFideId "40103269"]
[BlackFideId "5018382"]
[WhiteElo "2264"]
[BlackElo "2546"]
[WhiteTeam "NED"]
[BlackTeam "IND"]
[WhiteClock "0:00:20"]
[BlackClock "0:00:47"]

1. e4 c6 2. d4 d5 3. exd5 cxd5 4. c4 Nf6 5. Nc3 Be6 6. c5 Nc6 7. Nf3 Bg4 8. h3 Bxf3 9. gxf3 a6 10. Bf4 g6 11. h4 Nh5 12. Be3 Bg7 13. f4 O-O 14. Be2 Nf6 15. h5 b6 16. hxg6 hxg6 17. f5 gxf5 18. Bd3 e6 19. Bg5 bxc5 20. Qf3 cxd4 21. Qh3 Re8 22. Ne2 Qa5+ 23. Kf1 Ne5 24. Bxf5 exf5 25. Qxf5 Neg4 26. Nf4 Qd2 27. Nd3 Qe2+ 28. Kg2 Qe4+ 29. Qxe4 dxe4 30. Nc5 Re5 31. Bxf6 Nxf6 32. Nb3 Nd5 33. Rh4 Rg5+ 34. Kh3 Re8 35. a4 e3 36. fxe3 Rxe3+ 37. Kh2 Rxb3 38. a5 Rxb2+ 39. Kh3 Be5 40. Rh1 Rg3# 0-1

[Event "December 5 Early 2023"]
[Site "https://www.chess.com"]
[Date "2023.12.05"]
[Round "6"]
[White "Osmak, Yuliia"]
[Black "Vila Dupla, Aurelio"]
[Result "1-0"]
[Board "119"]
[TimeControl "180+1"]
[WhiteFideId "14101602"]
[BlackFideId "2203383"]
[WhiteElo "2544"]
[BlackElo "2202"]
[WhiteTeam "UKR"]
[BlackTeam "ESP"]
[WhiteClock "0:01:09"]
[BlackClock "0:00:25"]

1. e4 c5 2. Nf3 d6 3. Bb5+ Nd7 4. a4 a6 5. Be2 Ngf6 6. Nc3 e5 7. O-O Be7 8. Bc4 Nb6 9. Ba2 a5 10. d3 O-O 11. Bg5 Ne8 12. Bd2 Bg4 13. h3 Bh5 14. Nd5 Nxd5 15. Bxd5 Kh8 16. g4 Bg6 17. Bxb7 Rb8 18. Bd5 Rxb2 19. Bb3 c4 20. Bxc4 Rb8 21. Qe1 Ra8 22. Bd5 Ra7 23. Rb1 Nc7 24. Bxa5 Qd7 25. Bb3 d5 26. Bb6 dxe4 27. Nxe5 Qd6 28. Nxg6+ fxg6 29. Bxa7 exd3 30. cxd3 Qxd3 31. Qxe7 1-0

[Event "December 5 Early 2023"]
[Site "https://www.chess.com"]
[Date "2023.12.05"]
[Round "6"]
[White "Yushko, Olga"]
[Black "Baches Garcia, Guillermo"]
[Result "0-1"]
[Board "120"]
[TimeControl "180+1"]
[WhiteFideId "14114500"]
[BlackFideId "2209764"]
[WhiteElo "2124"]
[BlackElo "2529"]
[WhiteTeam "UKR"]
[BlackTeam "ESP"]
[WhiteClock "0:00:40"]
[BlackClock "0:00:35"]

1. d4 d5 2. c4 e6 3. cxd5 exd5 4. Nc3 a6 5. Nf3 Nf6 6. Bg5 Be6 7. e3 Nbd7 8. Bd3 Bd6 9. Rc1 c6 10. O-O Qc7 11. Re1 h6 12. Bh4 g5 13. Bg3 Bxg3 14. hxg3 Qd6 15. Qb3 Rb8 16. e4 dxe4 17. Nxe4 Nxe4 18. Rxe4 Nf6 19. Re5 Qxe5 20. Nxe5 Bxb3 21. axb3 Rd8 22. Bc4 Nd5 23. Ng4 Kf8 24. Re1 Re8 25. Ne5 Kg7 26. Rc1 Re7 27. Nd3 Rd8 28. Nc5 Nf6 29. Rd1 Rd6 30. f3 a5 31. Kf2 b6 32. Na6 Ra7 33. Be2 Nd5 34. Rc1 Nb4 35. Nb8 Rxd4 36. Nxc6 Nxc6 37. Rxc6 Rd2 38. Rxb6 Re7 0-1

[Event "December 5 Early 2023"]
[Site "https://www.chess.com"]
[Date "2023.12.05"]
[Round "6"]
[White "GMVignirVatnar"]
[Black "Lopusiewicz, Piotr"]
[Result "1-0"]
[Board "121"]
[TimeControl "180+1"]
[BlackFideId "1116029"]
[WhiteElo "2760"]
[BlackElo "2457"]
[BlackTeam "POL"]
[WhiteClock "0:00:49"]
[BlackClock "0:00:09"]

1. d4 Nf6 2. c4 e6 3. g3 d5 4. Bg2 dxc4 5. Nf3 c5 6. O-O Nc6 7. dxc5 Qxd1 8. Rxd1 Bxc5 9. Nbd2 c3 10. bxc3 O-O 11. Nb3 Be7 12. Nfd4 Bd7 13. Bg5 Rac8 14. Nb5 Rfd8 15. Bxf6 Bxf6 16. Nc5 Be8 17. Nxb7 Rxd1+ 18. Rxd1 Ne7 19. N5d6 Rb8 20. Nxe8 Rxe8 21. c4 Nf5 22. c5 Rc8 23. Rd7 Kf8 24. c6 Nd4 25. Nd6 Rxc6 26. Bxc6 Nxc6 27. Rxf7+ Kg8 28. Rc7 Nd4 29. Rc8+ 1-0

[Event "December 5 Early 2023"]
[Site "https://www.chess.com"]
[Date "2023.12.05"]
[Round "6"]
[White "Ozen, Metehan"]
[Black "Korchmar, Vasiliy"]
[Result "1-0"]
[Board "122"]
[TimeControl "180+1"]
[WhiteFideId "34596054"]
[BlackFideId "24131750"]
[WhiteElo "2457"]
[BlackElo "2741"]
[WhiteTeam "TUR"]
[BlackTeam "RUS"]
[WhiteClock "0:00:20"]
[BlackClock "0:00:03"]

1. c4 e6 2. Nc3 d5 3. cxd5 exd5 4. d4 c6 5. a3 Bd6 6. Nf3 Bf5 7. Bg5 Nf6 8. e3 h6 9. Bh4 Nbd7 10. Bd3 Bxd3 11. Qxd3 O-O 12. O-O Qe8 13. Nd2 Qe6 14. Bg3 Bxg3 15. hxg3 Ng4 16. Ne2 Rae8 17. Rae1 Qd6 18. Nf4 g5 19. Ne2 f5 20. Nf3 Qg6 21. b4 b5 22. a4 bxa4 23. Ra1 Nb6 24. Nc3 Qh5 25. Nxa4 Nc4 26. Nc5 a5 27. bxa5 f4 28. exf4 gxf4 29. Nh4 Rf6 30. a6 Nce3 31. fxe3 Rxe3 32. a7 Rxd3 33. a8=Q+ Rf8 34. Qxf8+ Kxf8 35. Rxf4+ Ke7 36. Ra7+ Ke8 37. Nxd3 Ne3 38. Nf3 Qg6 39. Nfe5 Qxg3 40. Ra8+ Ke7 41. Rf7+ Ke6 42. Nc5+ Kd6 43. Rd8# 1-0

[Event "December 5 Early 2023"]
[Site "https://www.chess.com"]
[Date "2023.12.05"]
[Round "6"]
[White "Matinian, Nikita"]
[Black "Matrix3x3a"]
[Result "1-0"]
[Board "123"]
[TimeControl "180+1"]
[WhiteFideId "24129100"]
[WhiteElo "2703"]
[BlackElo "2438"]
[WhiteTeam "FID"]
[WhiteClock "0:01:12"]
[BlackClock "0:00:05"]

1. e4 c5 2. Nc3 d6 3. Bb5+ Bd7 4. Bc4 Nc6 5. f4 e6 6. Nf3 g6 7. O-O Bg7 8. d3 Nge7 9. f5 gxf5 10. Qe1 O-O 11. Qh4 Ng6 12. Qh5 fxe4 13. Nxe4 d5 14. Bh6 dxe4 15. Ng5 Bf6 16. Nxh7 Kxh7 17. Bxf8+ Kg8 18. Bxc5 b6 19. Be3 Bxb2 20. Rxf7 Kxf7 21. Qh7+ Bg7 22. Rf1+ Qf6 23. Bh6 Qxf1+ 24. Kxf1 Rg8 25. h4 Nce5 26. h5 Ne7 27. Bxg7 Rxg7 28. Qxe4 Nxc4 29. Qxc4 Bc6 30. g4 Bd5 31. Qf4+ Kg8 32. Ke1 Nc6 33. g5 Rf7 34. Qd6 Nd4 35. g6 Rf8 36. h6 Nf3+ 37. Kd1 Ng5 38. h7+ Kg7 39. Qxf8+ Kxf8 40. h8=Q+ Ke7 41. g7 Kd6 42. g8=Q 1-0

[Event "December 5 Early 2023"]
[Site "https://www.chess.com"]
[Date "2023.12.05"]
[Round "6"]
[White "Eilers, Stefan"]
[Black "Aradhya, Garg"]
[Result "0-1"]
[Board "124"]
[TimeControl "180+1"]
[WhiteFideId "4609565"]
[BlackFideId "25006746"]
[WhiteElo "2436"]
[BlackElo "2695"]
[WhiteTeam "GER"]
[BlackTeam "IND"]
[WhiteClock "0:00:11"]
[BlackClock "0:00:37"]

1. d4 d5 2. Nc3 Nf6 3. Bf4 c5 4. e4 Nxe4 5. Nxe4 dxe4 6. dxc5 Qa5+ 7. c3 Qxc5 8. Qa4+ Nc6 9. Qxe4 g6 10. Nf3 Bg7 11. Rd1 O-O 12. Be3 Qa5 13. Bc4 Bf5 14. Qh4 b5 15. Bd5 Rac8 16. O-O e6 17. Bb3 b4 18. Bh6 bxc3 19. Ng5 Qb4 20. f4 c2 21. Bxg7 Kxg7 22. Qxh7+ Kf6 23. Qh4 Rh8 24. Ne4+ Kg7 25. Qf6+ Kg8 26. Nd6 Qc5+ 27. Kh1 Rf8 28. Nxf5 Qxf5 29. Qxf5 cxd1=Q 0-1